[Event "ICC tourney 1954 (60 10)"]
[Site "Internet Chess Club"]
[Date "2020.08.09"]
[Round "7"]
[White "chesspanda0610"]
[Black "Outschoorn"]
[Result "1/2-1/2"]
[ICCResult "Game drawn by mutual agreement"]
[WhiteElo "597"]
[BlackElo "1132"]
[Opening "Owen defense"]
[ECO "B00"]
[NIC "VO.01"]
[Time "12:02:33"]
[TimeControl "3600+10"]

1. e4 b6 2. d4 Bb7 3. Nc3 d5 4. exd5 Bxd5 5. Bf4 Nf6 6. Bd3 e6 7. Nf3 Bb4 8.
O-O O-O 9. Nxd5 Nxd5 10. Bg3 Bd6 11. Bxd6 cxd6 12. Be4 Qc7 13. Rc1 Nc6 14.
a3 Nf6 15. Bd3 d5 16. Re1 Ng4 17. c3 Rae8 18. h3 Nf6 19. Qc2 h6 20. c4 dxc4
21. Qxc4 Rc8 22. Qa4 Qd6 23. Bb5 Ne7 24. Bd3 Rxc1 25. Rxc1 a5 26. Qb5 Nfd5
27. Qc4 Nf4 28. Be4 f5 29. Bb1 Qd5 30. Qxd5 Nexd5 31. Rc6 b5 32. Kh2 Rf6 33.
g3 Ng6 34. Rc5 f4 35. g4 b4 36. Rxa5 bxa3 37. Rxa3 Nf8 38. Ne5 g5 39. Ra4
Ne3 40. b4 Nf1+ 41. Kg2 Nd2 42. Ra1 f3+ 43. Kg1 Rf4 44. Nc6 Nd7 45. Ra8+ Kg7
46. Bc2 Nb6 47. Ra7+ Kf6 48. Rb7 Nd5 49. b5 Nc4 50. Bb3 Ncb6 51. Bxd5 Nxd5
52. b6 Re4 53. Kf1 Re2 54. Rb8 Rb2 55. Rf8+ Kg7 56. Rxf3 Rxb6 57. Ne5 Rb1+
58. Kg2 Nf4+ 59. Kh2 Rd1 60. Nc6 Ne2 61. Re3 Nxd4 62. Nxd4 Rxd4 63. Rxe6 Rf4
64. Kg3 Rb4 {Game drawn by mutual agreement} 1/2-1/2

[Event "ICC tourney 1954 (60 10)"]
[Site "Internet Chess Club"]
[Date "2020.08.09"]
[Round "7"]
[White "Jaguarking"]
[Black "AnandVinod"]
[Result "0-1"]
[ICCResult "White resigns"]
[WhiteElo "1130"]
[BlackElo "1336"]
[Opening "Scotch game"]
[ECO "C45"]
[NIC "SO.05"]
[Time "12:02:23"]
[TimeControl "3600+10"]

1. e4 e5 2. Nf3 Nc6 3. d4 exd4 4. Nxd4 Bc5 5. Be3 Qf6 6. c3 Nge7 7. Bc4 O-O
8. O-O Bb6 9. f4 d6 10. Qd3 Be6 11. Nd2 Rad8 12. N2b3 d5 13. e5 dxc4 14.
exf6 cxd3 15. fxe7 Nxe7 16. Kh1 Nf5 17. Nxf5 Bxf5 18. Nd4 Be4 19. b4 Rfe8
20. a4 Bxg2+ 21. Kxg2 Rxe3 22. Rfe1 Bxd4 23. cxd4 Rxe1 24. Rxe1 d2 25. Rd1
Rxd4 26. Kf3 f5 27. Ke3 Rd6 28. Rxd2 Rxd2 29. Kxd2 Kf7 30. Ke3 Ke6 31. Kd3
Kd5 32. h3 c6 33. h4 h5 34. a5 a6 35. Kc3 Ke4 36. Kc4 Kxf4 37. Kc5 Kg3 38.
Kb6 f4 39. Kxb7 f3 40. Kxa6 f2 41. Kb7 f1=Q 42. a6 Qb5+ 43. Ka7 Qxb4 44. Ka8
Qa5 45. a7 c5 46. Kb7 Qxa7+ 47. Kxa7 c4 48. Kb6 c3 49. Kb5 c2 50. Kb4 c1=Q
51. Kb3 Kxh4 52. Ka2 g5 53. Kb3 g4 54. Kb4 g3 55. Ka5 {White resigns} 0-1

[Event "ICC tourney 1954 (60 10)"]
[Site "Internet Chess Club"]
[Date "2020.08.09"]
[Round "7"]
[White "DimSum17"]
[Black "sstao17"]
[Result "1/2-1/2"]
[ICCResult "Game drawn because neither player has mating material"]
[WhiteElo "944"]
[BlackElo "626"]
[Opening "English: Anglo-Grünfeld defense"]
[ECO "A16"]
[NIC "EO.64"]
[Time "12:02:35"]
[TimeControl "3600+10"]

1. c4 Nf6 2. Nc3 d5 3. cxd5 Nxd5 4. e4 Nxc3 5. bxc3 e5 6. g3 Nc6 7. Bg2 Bd6
8. Ne2 O-O 9. O-O b6 10. d4 Bb7 11. f4 exd4 12. Nxd4 Nxd4 13. cxd4 Rb8 14.
f5 f6 15. Bb2 Re8 16. Qc2 Rc8 17. Rfe1 c5 18. d5 Ra8 19. Qe2 Be5 20. Bxe5
Rxe5 21. Qg4 Qd6 22. Rab1 Ba6 23. Bf1 Bxf1 24. Rxf1 Kh8 25. Rf4 Kg8 26. Qh4
Kh8 27. g4 h6 28. Qg3 Kg8 29. h4 Rxe4 30. Rbf1 Rxf4 31. Rxf4 Qxd5 32. Rf2 a5
33. g5 Qd1+ 34. Kg2 hxg5 35. hxg5 fxg5 36. Qxg5 Qd5+ 37. Kg1 c4 38. Qg6 Qe4
39. Rg2 Ra7 40. Qxb6 Rd7 41. Qe6+ Qxe6 42. fxe6 Re7 43. Re2 g6 44. Kf2 Kg7
45. Ke3 Kf6 46. Kd4 Rxe6 47. Rf2+ Kg5 48. Kxc4 Kh4 49. Rh2+ Kg3 50. Rh6 Kg4
51. Kb5 Kg5 52. Rh1 Re5+ 53. Ka4 Kf6 54. Rf1+ Ke6 55. Rg1 g5 56. Kb3 Kf5 57.
a4 g4 58. Rh1 Kg5 59. Rg1 Rf5 60. Rd1 Kh5 61. Rh1+ Kg5 62. Rg1 Kh5 63. Rh1+
Kg6 64. Rg1 Rg5 65. Kc3 g3 66. Kd2 Kf5 67. Ke2 Kg4 68. Kf1 Kf3 69. Rg2 Kg4
70. Rg1 Kf3 71. Rg2 Kg4 72. Rg1 Kh3 73. Rg2 Rf5+ 74. Kg1 Kg4 75. Kh1 Rf4 76.
Ra2 Re4 77. Kg2 Rf4 78. Kg1 Re4 79. Kg2 Re3 80. Kg1 Re1+ 81. Kg2 Re3 82. Kg1
Kf3 83. Kf1 Rd3 84. Ra1 g2+ 85. Kg1 Rd2 86. Ra3+ Kg4 87. Ra1 Re2 88. Ra3 Kf4
89. Rh3 Kg4 90. Ra3 Kh4 91. Rc3 Ra2 92. Kh2 Rxa4 93. Kxg2 Rg4+ 94. Kf2 a4
95. Ke2 Kg5 96. Kd2 Kf5 97. Kd3 Ke5 98. Kc2 Kd5 99. Kb2 Kd4 100. Rc8 Kd3
101. Ka3 Rc4 102. Rxc4 Kxc4 103. Kxa4
{Game drawn because neither player has mating material}
1/2-1/2

[Event "ICC tourney 1954 (60 10)"]
[Site "Internet Chess Club"]
[Date "2020.08.09"]
[Round "7"]
[White "gsgirl"]
[Black "stanwang"]
[Result "1-0"]
[ICCResult "Black checkmated"]
[WhiteElo "993"]
[BlackElo "1327"]
[Opening "Queen's pawn: London system"]
[ECO "A45"]
[NIC "QP.07"]
[Time "12:02:34"]
[TimeControl "3600+10"]

1. d4 Nf6 2. Bf4 g6 3. e3 Bg7 4. Nf3 O-O 5. Nbd2 d6 6. Bd3 Nbd7 7. Qe2 c5 8.
c3 Re8 9. Bc2 Qb6 10. Bb3 e5 11. dxe5 Nxe5 12. Bxe5 dxe5 13. Ng5 Re7 14.
O-O-O Qc6 15. Ndf3 Bg4 16. Bxf7+ Rxf7 17. Qc4 Qc7 18. Qxf7+ Qxf7 19. Nxf7
Bxf3 20. gxf3 Kxf7 21. Rd2 Bh6 22. Rhd1 Ke7 23. Kc2 Rc8 24. c4 Rc7 25. Rd3
e4 26. fxe4 Nxe4 27. Rf1 Rd7 28. Rxd7+ Kxd7 29. Rd1+ Ke7 30. f3 Nd6 31. Kd3
Bg7 32. b3 a6 33. Ke2 Ke6 34. Rd5 b6 35. a4 Nb7 36. Kd3 b5 37. axb5 axb5 38.
e4 bxc4+ 39. bxc4 h6 40. h3 Ke7 41. Kc2 Bd4 42. Kd3 Nd6 43. e5 Nc8 44. f4 h5
45. h4 Na7 46. Rd6 Bf2 47. Rxg6 Kf7 48. Rh6 Nc8 49. e6+ Kg7 50. Rxh5 Kg6 51.
Rg5+ Kf6 52. f5 Bxh4 53. Rh5 Bg5 54. Ke4 Nd6+ 55. Kd5 Nxf5 56. Rh1 Be3 57.
Rf1 Kg6 58. Rxf5 Kxf5 59. e7 Bd4 60. e8=Q Kf4 61. Qf7+ Ke3 62. Qe6+ Kd3 63.
Qe4+ Kc3 64. Qe1+ Kd3 65. Qd1+ Ke3 66. Qe1+ Kd3 67. Qf1+ Ke3 68. Qf8 Kd3 69.
Qxc5 Bxc5 70. Kxc5 Ke4 71. Kd6 Kd4 72. c5 Kc4 73. c6 Kd4 74. Kd7 Kd5 75. c7
Ke5 76. c8=Q Kd5 77. Qe8 Kd4 78. Qe6 Kc5 79. Qe4 Kb5 80. Qd4 Ka5 81. Kc6 Ka6
82. Qa4# {Black checkmated} 1-0

[Event "ICC tourney 1954 (60 10)"]
[Site "Internet Chess Club"]
[Date "2020.08.09"]
[Round "7"]
[White "sujay2010"]
[Black "dtoledo"]
[Result "1-0"]
[ICCResult "Black resigns"]
[WhiteElo "1393"]
[BlackElo "1101"]
[Opening "Queen's pawn: London system"]
[ECO "A45"]
[NIC "QP.07"]
[Time "12:02:57"]
[TimeControl "3600+10"]

1. d4 Nf6 2. Bf4 g6 3. e3 Bg7 4. Bd3 O-O 5. Nd2 c5 6. c3 cxd4 7. exd4 Nc6 8.
h3 d6 9. Bc2 Bd7 10. Ngf3 Rc8 11. O-O a6 12. Re1 Re8 13. Ne4 Nxe4 14. Bxe4
Qb6 15. Qd2 Nd8 16. Rac1 Bc6 17. c4 Bxe4 18. Rxe4 Nc6 19. Rce1 f5 20. Re6
Nxd4 21. Nxd4 Qxd4 22. Qxd4 Bxd4 23. Bxd6 Bxb2 24. c5 Bf6 25. Bxe7 Bxe7 26.
Rxe7 Rxe7 27. Rxe7 Rxc5 28. Rxb7 Ra5 29. Rb2 h5 30. Kf1 Kf7 31. Ke2 Ke6 32.
Kd3 Kd5 33. Kc3 g5 34. Rd2+ Ke4 35. Kc4 g4 36. Re2+ Kf4 37. h4 g3 38. f3 Ra3
39. Kd4 Rxf3 40. gxf3 Kxf3 41. Re1 Kf2 42. Rb1 g2 43. Ke5 Kg3 44. Kxf5 Kxh4
45. Kf4 Kh3 46. Kf3 Kh2 47. Rb2 h4 48. Rxg2+ Kh1 49. Rg4 h3 50. Rh4 h2 51.
Kg3 Kg1 52. Rxh2 Kf1 53. a4 {Black resigns} 1-0

[Event "ICC tourney 1954 (60 10)"]
[Site "Internet Chess Club"]
[Date "2020.08.09"]
[Round "7"]
[White "nogf-Sadge"]
[Black "KanekiB"]
[Result "0-1"]
[ICCResult "White resigns"]
[WhiteElo "1262"]
[BlackElo "1065"]
[Opening "Sicilian: Najdorf, 7.f4"]
[ECO "B96"]
[NIC "SI.04"]
[Time "12:02:38"]
[TimeControl "3600+10"]

1. e4 c5 2. Nf3 d6 3. d4 cxd4 4. Nxd4 Nf6 5. Nc3 a6 6. Bg5 e6 7. f4 h6 8.
Bh4 Qb6 9. a3 Be7 10. Bf2 Qc7 11. Bd3 e5 12. Nf5 Bxf5 13. exf5 O-O 14. fxe5
dxe5 15. O-O Nbd7 16. Kh1 Bc5 17. Bh4 Qc6 18. Qf3 Qxf3 19. gxf3 Bd4 20. Rab1
Bxc3 21. bxc3 b5 22. c4 bxc4 23. Bxc4 Rfc8 24. Bb3 Rab8 25. Bg3 Nh5 26. Bf2
Nf4 27. Rfd1 Nf6 28. Rd6 a5 29. Ra6 Ra8 30. Rxa8 Rxa8 31. a4 Nh3 32. Bg3 Re8
33. Be1 Ng5 34. Kg2 e4 35. f4 Nf3 36. Bxa5 Nh4+ 37. Kf2 Nxf5 38. h3 e3+ 39.
Kf3 Nh4+ 40. Kg3 g5 41. fxg5 hxg5 42. Be1 e2 43. a5 Kg7 44. Kh2 Rd8 45. c3
Ne4 46. Rc1 Nd2 47. Ba4 Rd5 48. a6 Ndf3+ 49. Kg3 Ra5 50. Bc6 Nxe1 51. Rxe1
Rxa6 52. Bb5 Ra3 53. Rc1 Rxc3+ {White resigns} 0-1

[Event "ICC tourney 1954 (60 10)"]
[Site "Internet Chess Club"]
[Date "2020.08.09"]
[Round "7"]
[White "nonowho"]
[Black "suhavit"]
[Result "1-0"]
[ICCResult "Black checkmated"]
[WhiteElo "1368"]
[BlackElo "1108"]
[Opening "QGD: 4.Nf3"]
[ECO "D37"]
[NIC "QO.16"]
[Time "12:02:09"]
[TimeControl "3600+10"]

1. d4 d5 2. c4 e6 3. Nc3 Nf6 4. Nf3 Nc6 5. Bg5 Be7 6. e3 O-O 7. Bd3 h6 8.
Bf4 Bd6 9. Bxd6 Qxd6 10. a3 a6 11. O-O Bd7 12. Re1 Qe7 13. b4 Rfe8 14. Rc1
Rab8 15. Qb3 Qd6 16. Re2 Ra8 17. Rec2 Rec8 18. Rb2 Rab8 19. a4 a5 20. b5 Nb4
21. Na2 Nxd3 22. Qxd3 Qe7 23. Qb3 Ne4 24. cxd5 exd5 25. Nc3 Nxc3 26. Qxc3
Be6 27. Qxa5 b6 28. Qb4 Qxb4 29. Rxb4 Ra8 30. Ne5 Kf8 31. Kf1 Bf5 32. Ke2 f6
33. Nd3 Bxd3+ 34. Kxd3 Ke7 35. f3 Kd7 36. e4 dxe4+ 37. fxe4 Re8 38. Rc6 Ra7
39. Rbc4 Rea8 40. h3 Rxa4 41. Rxc7+ Kd8 42. Rxg7 Rxc4 43. Kxc4 Ra2 44. Kd5
Rc2 45. Kd6 Ke8 46. Ke6 Kd8 47. d5 Re2 48. Rg8+ Kc7 49. d6+ Kb7 50. Rg7+ Kb8
51. Kd5 Rd2+ 52. Kc6 Rc2+ 53. Kxb6 Rc8 54. d7 Rd8 55. Re7 h5 56. Re8 Rxe8
57. dxe8=R# {Black checkmated} 1-0

[Event "ICC tourney 1954 (60 10)"]
[Site "Internet Chess Club"]
[Date "2020.08.09"]
[Round "7"]
[White "mihirppatil04"]
[Black "AlexR2007"]
[Result "0-1"]
[ICCResult "White checkmated"]
[WhiteElo "1199"]
[BlackElo "933"]
[Opening "Queen's pawn: London system"]
[ECO "A45"]
[NIC "QP.07"]
[Time "12:02:17"]
[TimeControl "3600+10"]

1. d4 Nf6 2. Bf4 g6 3. Nc3 d6 4. e4 Bg7 5. Qd2 O-O 6. Bh6 Ng4 7. Bxg7 Kxg7
8. O-O-O Nf6 9. Be2 Be6 10. f4 c6 11. e5 Nd5 12. g4 Qa5 13. a3 Nd7 14. Nxd5
Qxd5 15. Bf3 Qa2 16. Qc3 f6 17. exd6 exd6 18. Ne2 Rfe8 19. Kd2 Nb6 20. b3
Bd5 21. Ra1 Bxf3 22. Qxf3 Qb2 23. Rhb1 Rxe2+ 24. Kxe2 Qxc2+ 25. Kf1 Qxh2 26.
Re1 Nd5 27. Re2 Qh4 28. Kg2 f5 29. Rh1 Qxg4+ 30. Qxg4 fxg4 31. Kg3 Rf8 32.
Rf1 h5 33. Re6 Rf7 34. Rf2 Ne7 35. Kg2 d5 36. b4 Nf5 37. Rd2 Nh4+ 38. Kg3
Nf5+ 39. Kg2 h4 40. a4 h3+ 41. Kh2 Kh6 42. Re8 Nd6 43. Rh8+ Kg7 44. Rh4 Rxf4
45. Kg3 g5 46. Rxg4 Ne4+ 47. Kxh3 Nxd2 48. Rxg5+ Kf6 49. Rh5 Rxd4 50. b5
Rxa4 51. bxc6 bxc6 52. Rh6+ Ke5 53. Rxc6 d4 54. Rc2 Ra3+ 55. Kg2 Ne4 56. Kf1
d3 57. Rc1 d2 58. Rd1 Kd4 59. Ke2 Nc3+ 60. Kxd2 Nxd1 61. Kxd1 Ra2 62. Kc1
Kc3 63. Kb1 Rh2 64. Ka1 Kb3 65. Kb1 Rh1# {White checkmated} 0-1

[Event "ICC tourney 1954 (60 10)"]
[Site "Internet Chess Club"]
[Date "2020.08.09"]
[Round "7"]
[White "Vidipkona"]
[Black "thegoldenfrog"]
[Result "1-0"]
[ICCResult "Black forfeits on time"]
[WhiteElo "1268"]
[BlackElo "1264"]
[Opening "Ruy Lopez: 5.O-O"]
[ECO "C78"]
[NIC "RL.12"]
[Time "12:02:56"]
[TimeControl "3600+10"]

1. e4 e5 2. Nf3 Nc6 3. Bb5 a6 4. Ba4 Nf6 5. O-O b5 6. Bb3 Be7 7. d3 d6 8. c3
O-O 9. Nbd2 Re8 10. Re1 Nb8 11. Nf1 Nbd7 12. Ne3 Bb7 13. Ng5 Rf8 14. Nf5 Nc5
15. Bc2 Ne6 16. Nf3 Re8 17. d4 Nd7 18. d5 Nef8 19. Nxe7+ Qxe7 20. b3 Ng6 21.
c4 b4 22. a3 a5 23. axb4 axb4 24. Bd2 c5 25. dxc6 Bxc6 26. Bxb4 Rxa1 27.
Qxa1 Ra8 28. Qc3 f6 29. Rd1 Nf4 30. Qe3 Nc5 31. g3 Nfe6 32. Nh4 g6 33. Nf3
Rb8 34. Bxc5 Nxc5 35. Nd2 Qb7 36. f3 Ra8 37. Qc3 Qb6 38. Kg2 Kf8 39. Kf1 Bd7
40. Ra1 Rxa1+ 41. Qxa1 Ke7 42. Ke2 h5 43. Qc3 f5 44. exf5 gxf5 45. Qe3 Kd8
46. Qg5+ Kc7 47. Qxh5 d5 48. Qf7 d4 49. Bxf5 d3+ 50. Bxd3 Nxd3 51. Kxd3 Qd6+
52. Ke2 Qh6 53. h4 Kc8 54. Qg8+ Kc7 55. Qd5 Qg7 56. g4 Qf6 57. h5 Qg5 58.
Ne4 Qf4 59. Qd6+ Kc8 60. Nc5 Qh2+ 61. Kd3 e4+ 62. Nxe4 Qh1 63. Qc5+ Kd8 64.
Qe3 Qb1+ 65. Kc3 Qa1+ 66. Kb4 Qa6 67. Qg5+ Kc8 68. Nd6+ Kb8 69. Qd8+
{Black forfeits on time}
1-0

[Event "ICC tourney 1954 (60 10)"]
[Site "Internet Chess Club"]
[Date "2020.08.09"]
[Round "7"]
[White "potatos22"]
[Black "adma2028"]
[Result "0-1"]
[ICCResult "White checkmated"]
[WhiteElo "951"]
[BlackElo "1309"]
[Opening "Ruy Lopez: Möller defense"]
[ECO "C78"]
[NIC "RL.12"]
[Time "12:02:31"]
[TimeControl "3600+10"]

1. e4 e5 2. Nf3 Nc6 3. Bb5 a6 4. Ba4 Nf6 5. O-O Bc5 6. c3 b5 7. Bb3 O-O 8.
a4 Bb7 9. d4 exd4 10. cxd4 Bb6 11. Nc3 b4 12. Nd5 Nxd5 13. Bxd5 Na5 14. Bxb7
Nxb7 15. Bg5 Qe8 16. Re1 Na5 17. Qd3 Qe6 18. Rac1 Qa2 19. Be7 Rfb8 20. Bxb4
Qxa4 21. Bc3 Qb5 22. Qd1 Nc4 23. b3 Na5 24. Nd2 Nc6 25. Nc4 Ba7 26. Qg4 Bxd4
27. Qxd7 Bb6 28. Nxb6 Qxb6 29. Qg4 Nd4 30. Bxd4 Qxd4 31. Rxc7 Qb4 32. Rb1
Re8 33. Qf3 f6 34. Qg4 g5 35. Qf5 Qxe4 36. Qxe4 Rxe4 37. f3 Rb4 38. Rc3 Rab8
39. Ra1 Rxb3 40. Rxb3 Rxb3 41. Rxa6 Kg7 42. Kf2 h5 43. Ra4 h4 44. h3 Kg6 45.
f4 g4 46. hxg4 Rg3 47. Ra1 Rxg4 48. Kf3 Rg3+ 49. Kf2 Kh5 50. Rh1 Kg4 51. Rh2
Ra3 52. f5 Ra2+ 53. Kf1 Kg5 54. Rh3 Ra4 55. Rf3 Rf4 56. Rxf4 Kxf4 57. Kf2
Kg4 58. Kg1 Kxf5 59. Kh2 Kg4 60. Kg1 Kg3 61. Kf1 f5 62. Kg1 h3 63. gxh3 Kxh3
64. Kf2 Kg4 65. Kf1 Kf3 66. Kg1 Ke2 67. Kg2 f4 68. Kg1 f3 69. Kh2 f2 70. Kg2
f1=Q+ 71. Kh2 Qf5 72. Kg3 Qg5+ 73. Kh2 Kf2 74. Kh3 Qg3# {White checkmated}
0-1

[Event "ICC tourney 1954 (60 10)"]
[Site "Internet Chess Club"]
[Date "2020.08.09"]
[Round "7"]
[White "BotanicalKnight"]
[Black "kkjrme"]
[Result "1/2-1/2"]
[ICCResult "Game drawn by mutual agreement"]
[WhiteElo "1393"]
[BlackElo "1275"]
[Opening "Sicilian: closed"]
[ECO "B24"]
[NIC "SI.44"]
[Time "12:02:49"]
[TimeControl "3600+10"]

1. e4 c5 2. Nc3 g6 3. g3 Bg7 4. Bg2 Nc6 5. d3 Nf6 6. f4 d6 7. Nf3 O-O 8. O-O
Be6 9. h3 d5 10. e5 Nd7 11. g4 Nb6 12. a3 f6 13. exf6 exf6 14. Bd2 d4 15.
Ne4 c4 16. Qe1 f5 17. Neg5 Bd5 18. Ne6 Bxe6 19. Qxe6+ Kh8 20. Ng5 Qe7 21.
Rae1 Qxe6 22. Nxe6 Rfe8 23. Nxg7 Kxg7 24. Kf2 Kf7 25. Bf3 Kf6 26. g5+ Kg7
27. h4 Rab8 28. h5 cxd3 29. cxd3 Ne7 30. Re6 Ned5 31. Rfe1 Rxe6 32. Rxe6 Rd8
33. Kg3 Kf7 34. Re5 Rd7 35. hxg6+ hxg6 36. Ba5 a6 37. Bd1 Nc8 38. Bb3 Ne7
39. Bb4 Kg7 40. Bc5 a5 41. Bxd4 Kf8 42. Bc5 Kg7 43. Bd4 Kf8 44. Bc5 Kg7 45.
Bd4 Kh7 46. Bc5 Kg7 47. Bd4 Kh7 48. Bc5 Kh8 49. Bd4 Kg8 50. Bc4 Kf8 51. Bc5
Kg7 52. Bd4 Kf8 53. Bc5 Kg7 54. Bd4 Kh7 {Game drawn by mutual agreement}
1/2-1/2

[Event "ICC tourney 1954 (60 10)"]
[Site "Internet Chess Club"]
[Date "2020.08.09"]
[Round "7"]
[White "Red-Pin"]
[Black "FischerInThe90s"]
[Result "1-0"]
[ICCResult "Black resigns"]
[WhiteElo "1399"]
[BlackElo "1129"]
[Opening "Queen's pawn game"]
[ECO "D00"]
[NIC "QP.07"]
[Time "12:02:34"]
[TimeControl "3600+10"]

1. d4 Nf6 2. Nc3 d5 3. Bf4 c5 4. e3 Qb6 5. Rb1 e6 6. Nf3 Nc6 7. Bb5 Bd7 8.
h3 cxd4 9. exd4 Be7 10. O-O O-O 11. Bxc6 Bxc6 12. Re1 Rac8 13. Ne2 Bb5 14.
Ng3 Nd7 15. c3 Qa6 16. Ra1 Bc6 17. Qc2 Bb5 18. Re3 f5 19. b3 Nf6 20. Ne5 Nd7
21. Nxd7 Bxd7 22. Nf1 h6 23. Rae1 Rf6 24. Nd2 Rg6 25. Nf3 Bf6 26. Ne5 Bxe5
27. Bxe5 b5 28. b4 Qb6 29. Rf3 a5 30. a3 axb4 31. axb4 Qa6 32. Qc1 Be8 33.
Ree3 Ra8 34. Re1 Rg5 35. Qe3 Bh5 36. Rg3 Rxg3 37. Bxg3 Re8 38. Be5 Qb7 39.
f3 g5 40. Ra1 f4 41. Qd3 Qf7 42. Qxb5 Qf5 43. Qd7 Bf7 44. b5 Qd3 45. Qc6 Kh7
46. b6 Bh5 47. Qd7+ {Black resigns} 1-0

[Event "ICC tourney 1954 (60 10)"]
[Site "Internet Chess Club"]
[Date "2020.08.09"]
[Round "7"]
[White "aec7r3b"]
[Black "thihansa"]
[Result "1-0"]
[ICCResult "Black checkmated"]
[WhiteElo "1353"]
[BlackElo "1129"]
[Opening "French: Tarrasch, closed variation"]
[ECO "C05"]
[NIC "FR.17"]
[Time "12:02:21"]
[TimeControl "3600+10"]

1. e4 e6 2. d4 d5 3. Nd2 Nf6 4. e5 Nfd7 5. Bd3 c5 6. c3 Nc6 7. Ne2 Be7 8.
O-O O-O 9. Qc2 h6 10. Qd1 cxd4 11. cxd4 b6 12. a3 Bb7 13. Nf3 Rc8 14. Nc3 a6
15. Qc2 b5 16. Bh7+ Kh8 17. h3 Re8 18. Bf4 Nf8 19. Bd3 b4 20. axb4 Nxb4 21.
Qe2 Nxd3 22. Qxd3 Ng6 23. Bg3 Qc7 24. Rac1 Qd7 25. Rb1 Rc7 26. b4 Rec8 27.
Rfc1 Rc4 28. Na2 Rxc1+ 29. Nxc1 Bxb4 30. Rxb4 Rxc1+ 31. Kh2 a5 32. Rb2 a4
33. Qa3 Rc8 34. Rb4 Bc6 35. Ne1 Qc7 36. Nd3 Nf8 37. Nc5 Nd7 38. Nxa4 Qa7 39.
Qb3 Rb8 40. Rxb8+ Qxb8 41. Qxb8+ Nxb8 42. Nc5 Nd7 43. Nb3 Nb6 44. Na5 Ba8
45. Kg1 Nc4 46. Nb3 Bc6 47. Nc5 Kg8 48. Kf1 Nd2+ 49. Ke2 Nc4 50. Kd3 Kf8 51.
Kc3 Ke7 52. Kb4 f6 53. exf6+ Kxf6 54. Kc3 g5 55. Kd3 Kf5 56. f3 Nb2+ 57. Ke2
Nc4 58. Na6 Bb5 59. Nc7 Bc6 60. Kf2 Na3 61. Be5 Nc4 62. Bg7 h5 63. Ke2 Bd7
64. Na6 Bb5 65. Nc7 Bd7 66. Kf2 Kf4 67. g4 hxg4 68. hxg4 Nb2 69. Be5#
{Black checkmated}
1-0

[Event "ICC tourney 1954 (60 10)"]
[Site "Internet Chess Club"]
[Date "2020.08.09"]
[Round "7"]
[White "WizardY"]
[Black "neelansh2489"]
[Result "1-0"]
[ICCResult "Black checkmated"]
[WhiteElo "922"]
[BlackElo "1063"]
[Opening "Scotch gambit"]
[ECO "C44"]
[NIC "SO.06"]
[Time "12:17:13"]
[TimeControl "3600+10"]

1. e4 e5 2. Nf3 Nc6 3. d4 exd4 4. Bc4 h6 5. O-O Bc5 6. c3 Qe7 7. cxd4 Bb6 8.
Nc3 d6 9. h3 Qf6 10. d5 Ne5 11. Nxe5 dxe5 12. a3 Ne7 13. Bd2 O-O 14. Qe2 Rd8
15. Rad1 c6 16. dxc6 Nxc6 17. Nd5 Qd6 18. Bc3 Nd4 19. Bxd4 Bxd4 20. Rd2 Rb8
21. Rfd1 Be6 22. a4 f5 23. Ne3 fxe4 24. Nf5 Bxc4 25. Qxc4+ Qd5 26. Ne7+ Kh8
27. Nxd5 Rbc8 28. Qb3 Rc5 29. Ne3 Rd7 30. Nf5 Rcd5 31. Nxd4 exd4 32. Qc4 b6
33. Rxd4 Rc5 34. Qe6 Rdc7 35. Rd8+ Kh7 36. Qxe4+ g6 37. R1d7+ Rxd7 38. Rxd7+
Kh8 39. Qe8# {Black checkmated} 1-0

[Event "ICC tourney 1954 (60 10)"]
[Site "Internet Chess Club"]
[Date "2020.08.09"]
[Round "7"]
[White "pranavg03"]
[Black "ChessMstr"]
[Result "1-0"]
[ICCResult "Black forfeits on time"]
[WhiteElo "1146"]
[BlackElo "1241"]
[Opening "QGD: Charousek (Petrosian) variation"]
[ECO "D31"]
[NIC "QP.08"]
[Time "12:02:07"]
[TimeControl "3600+10"]

1. d4 d5 2. c4 e6 3. Nc3 Be7 4. Bf4 c6 5. a4 a5 6. cxd5 exd5 7. e3 Bd6 8.
Bxd6 Qxd6 9. Nf3 Bg4 10. Be2 Nf6 11. O-O O-O 12. h3 Bh5 13. Ne5 Bxe2 14.
Nxe2 Nbd7 15. Nxd7 Qxd7 16. Ng3 Qe6 17. Qd3 Ne4 18. Nxe4 Qxe4 19. Qxe4 dxe4
20. Rac1 Rad8 21. Rc5 Ra8 22. Rfc1 f5 23. Re5 g6 24. Rcc5 Rf6 25. Rxa5 Rxa5
26. Rxa5 Rf8 27. b4 Rd8 28. Ra7 Rb8 29. Kf1 Kf7 30. Ke1 Ke6 31. Kd2 h6 32.
Kc3 Kd5 33. Ra5+ b5 34. axb5 cxb5 35. Ra6 Rc8+ 36. Kb3 Rc6 37. Rxc6 Kxc6 38.
Kc3 g5 39. f3 Kd5 40. fxe4+ Kxe4 41. g3 h5 42. h4 gxh4 43. gxh4 f4 44. exf4
{Black forfeits on time}
1-0

[Event "ICC tourney 1954 (60 10)"]
[Site "Internet Chess Club"]
[Date "2020.08.09"]
[Round "7"]
[White "edikiscool"]
[Black "DiamondUnicorn"]
[Result "0-1"]
[ICCResult "White checkmated"]
[WhiteElo "827"]
[BlackElo "537"]
[Opening "Sicilian: Nimzovich-Rossolimo attack (without ...d6)"]
[ECO "B30"]
[NIC "SI.31"]
[Time "12:02:16"]
[TimeControl "3600+10"]

1. e4 c5 2. Nf3 Nc6 3. Bb5 d6 4. O-O Bd7 5. Nc3 a6 6. Bc4 e6 7. d4 b5 8. Be2
c4 9. Bf4 Be7 10. d5 exd5 11. Qxd5 Nf6 12. Qd2 Be6 13. a3 Qd7 14. Rfd1 Rd8
15. e5 dxe5 16. Qxd7+ Rxd7 17. Nxe5 Nxe5 18. Bxe5 O-O 19. Rxd7 Bxd7 20. a4
Re8 21. Kf1 g5 22. axb5 axb5 23. Ra5 Bb4 24. Ra7 Rxe5 25. Ra6 Re6 26. Rxe6
Bxe6 27. Nxb5 Ba5 28. Nd4 Bd5 29. Nf5 c3 30. b3 Be4 31. Ne3 Bb6 32. Nc4 Bc5
33. Bd1 Kg7 34. f3 Bg6 35. h3 Nd5 36. g3 Nb4 37. Na3 Nc6 38. Nc4 Kf6 39. Ke2
Ke6 40. f4 gxf4 41. gxf4 Nd4+ 42. Ke1 Nxc2+ 43. Bxc2 Bxc2 44. Ke2 Bxb3 45.
Ne3 Bxe3 46. Kxe3 c2 47. Kd2 Kf5 48. Kc3 c1=Q+ 49. Kd3 Qc2+ 50. Ke3 Bc4 51.
h4 Qd3+ 52. Kf2 Kg4 53. f5 Qe2+ 54. Kg1 Qf1+ 55. Kh2 Qf2+ 56. Kh1 Bd5#
{White checkmated}
0-1

[Event "ICC tourney 1954 (60 10)"]
[Site "Internet Chess Club"]
[Date "2020.08.09"]
[Round "7"]
[White "ElaineFan"]
[Black "MathWizKidA"]
[Result "1-0"]
[ICCResult "Black checkmated"]
[WhiteElo "1192"]
[BlackElo "1329"]
[Opening "Sicilian defense"]
[ECO "B20"]
[NIC "SI.48"]
[Time "12:02:55"]
[TimeControl "3600+10"]

1. e4 c5 2. Bc4 e6 3. d3 d5 4. exd5 exd5 5. Bb3 a6 6. Qe2+ Be7 7. Nf3 Nf6 8.
O-O b5 9. a4 c4 10. dxc4 dxc4 11. Ba2 Nc6 12. axb5 axb5 13. Bd2 Bg4 14. Bc3
O-O 15. Nbd2 Re8 16. Qd1 b4 17. Bxf6 Bxf6 18. Nxc4 Qxd1 19. Rfxd1 Be6 20.
Nd6 Red8 21. Bxe6 Rxa1 22. Bxf7+ Kf8 23. Rxa1 Rxd6 24. Bb3 Bxb2 25. Ra8+ Ke7
26. g3 Rd1+ 27. Kg2 Nd4 28. Nxd4 Bxd4 29. Rb8 Bc3 30. Rb7+ Kd6 31. Kf3 Kc6
32. Re7 Rf1 33. h4 Bd4 34. Re2 Kc5 35. Kg2 Ra1 36. Kf3 Bf6 37. Rd2 Bc3 38.
Rd5+ Kc6 39. Kf4 Rf1 40. f3 Be1 41. h5 Bc3 42. g4 Rb1 43. Rd3 Re1 44. Bd5+
Kc5 45. Bg8 Re2 46. Bb3 Re8 47. Rd5+ Kc6 48. Kg5 Rf8 49. Rd3 Re8 50. Ba4+
Kc5 51. Bxe8 Kc4 52. Bf7+ Kc5 53. Bb3 Kc6 54. f4 Kc7 55. f5 Kc8 56. Kf4 Kc7
57. Bg8 h6 58. Bb3 Kc6 59. Rxc3+ bxc3 60. g5 Kd6 61. f6 hxg5+ 62. Kxg5 gxf6+
63. Kxf6 Kd7 64. h6 Ke8 65. h7 Kf8 66. h8=Q# {Black checkmated} 1-0

[Event "ICC tourney 1954 (60 10)"]
[Site "Internet Chess Club"]
[Date "2020.08.09"]
[Round "7"]
[White "Austin513"]
[Black "Penguino26"]
[Result "1-0"]
[ICCResult "Black resigns"]
[WhiteElo "1121"]
[BlackElo "1212"]
[Opening "Sicilian: Najdorf, 6.f4"]
[ECO "B93"]
[NIC "SI.12"]
[Time "12:02:52"]
[TimeControl "3600+10"]

1. e4 c5 2. Nf3 d6 3. d4 cxd4 4. Nxd4 Nf6 5. Nc3 a6 6. f4 e5 7. Nf3 Qc7 8.
Be3 Be6 9. f5 Bc4 10. Bxc4 Qxc4 11. Qd3 Qxd3 12. cxd3 Nc6 13. O-O Rc8 14. h3
h5 15. Rac1 Be7 16. Bg5 Nd7 17. Nd5 f6 18. Be3 Kf7 19. Nh4 Rhd8 20. Ng6 Bf8
21. Rc2 Ne7 22. Rxc8 Rxc8 23. Ngxe7 Bxe7 24. b4 b5 25. a4 Bd8 26. axb5 axb5
27. g4 hxg4 28. hxg4 Rc6 29. Ra1 Nb6 30. Bxb6 Bxb6+ 31. Kf1 Bd4 32. Ra5 Rc1+
33. Ke2 Rg1 34. Rxb5 Rxg4 35. Rb8 Rg2+ 36. Kf1 Rd2 37. Rd8 Rxd3 38. Rxd6 Rd2
39. Rd7+ Kf8 40. b5 Rf2+ 41. Ke1 Kg8 42. Ne7+ Kf8 43. Ng6+ Ke8 44. Rxd4 exd4
45. Kxf2 Kd7 46. Ke2 Kd6 47. Kd3 Kc5 48. b6 Kxb6 49. Kxd4 Kc6 50. Nf4 Kd6
51. Ne6 g5 52. Ng7 Ke7 53. Nh5 Kf7 54. e5 fxe5+ 55. Kxe5 Ke7 56. f6+ Kf7 57.
Kf5 g4 58. Kxg4 Kg6 59. Kf4 Kf7 60. Ke5 Ke8 61. Ke6 Kf8 62. Nf4 {Black
resigns} 1-0